 Dungeon Crawl Stone Soup version 0.28-a0-1624-g820543e53a (webtiles) character file.

Game seed: 1200905716526820708

46 innerfire433 the Ducker (level 3, -1/30 HPs)
             Began as a Djinni Monk on Jan 23, 2022.
             Was an Initiate of Gozag.
             Slain by an adder (2 damage)
             ... on level 2 of the Dungeon.
             The game lasted 00:03:13 (1755 turns).

innerfire433 the Ducker (Djinni Monk)               Turns: 1755, Time: 00:03:13

Health: -1/30      AC:  2    Str: 12    XL:     3   Next: 92%
Gold:   140        EV: 13    Int: 17    God:    Gozag SH:  0 Dex: 15

rFire   + + .      SeeInvis .   a - +0 spear
rCold   x . .      Faith    .   (no shield)
rNeg    . . .      Spirit   .   b - +0 robe
rPois   ∞          Reflect  .   (no helmet)
rElec   .          Harm     .   (no cloak)
rCorr   .          Rampage  .   (no gloves)
Will    .....                   (boots unavailable)
Stlth   ++........              (no amulet)
HPRegen 0.10/turn               e - +6 ring of intelligence
MPRegen 0.00/turn               (no ring)

@: flying
A: sickness immunity, fire resistance 2, cold vulnerability 1, float, innate
caster, hp casting, extra vitality 1
a: Renounce Religion, Potion Petition, Call Merchant, Bribe Branch


You were on level 2 of the Dungeon.
You worshipped Gozag.
Gozag was aware of your devotion.
You visited 1 branch of the dungeon, and saw 2 of its levels.

You collected 140 gold pieces.

Inventory:

Hand Weapons
 a - a +0 spear (weapon)
Armour
 b - a +0 robe (worn)
Jewellery
 e - a +6 ring of intelligence (left hand)
 g - a ring of resist corrosion
 h - a ring of see invisible
Scrolls
 d - a scroll of fog {unknown}
 j - a scroll of blinking {unknown}
 k - a scroll of enchant armour {unknown}
Potions
 c - a potion of flight {unknown}
 f - a potion of berserk rage {unknown}
 i - a potion of curing {unknown}
 l - 2 potions of mutation {unknown}
 m - a potion of lignification {unknown}


   Skills:
 + Level 3.4 Fighting
 + Level 2.8 Polearms
 + Level 3.8 Dodging
 + Level 2.1 Stealth


You had one spell level left.
You knew the following spells:

 Your Spells              Type           Power      Damage    Failure   Level
a - Sting                 Tmut/Pois      0%         1d3       24%         1
Your spell library was empty.

Dungeon Overview and Level Annotations

Branches:
Dungeon (2/15)

Altars:
Gozag
Uskayaw

Shops:
D:2 [


Innate Abilities, Weirdness & Mutations

You are immune to sickness and miasma.
You are immune to poison.
Your flesh is very heat resistant. (rF++)
You are vulnerable to cold. (rC-)
You float through the air rather than walking.
You learn spells naturally, not from books.
Your magical power is your life essence.
You have superior vitality. (+4 MHP)


Message History

The hobgoblin hits you but does no damage.
The adder bites you but does no damage.
You hit the hobgoblin.
You kill the hobgoblin!
The adder bites you.
You closely miss the adder. The adder closely misses you. The adder bites you.
You hit the adder.
The adder is severely wounded.
The adder bites you. x2
You hit the adder but do no damage.
The adder is severely wounded.
The adder barely misses you. The adder misses you. The adder bites you.
You are too injured to fight recklessly!
You are too injured to fight recklessly!
You are too injured to fight recklessly!
You are too injured to fight recklessly!
You are too injured to fight recklessly!
You barely miss the adder.
The adder is severely wounded.
The adder barely misses you. The adder bites you. x2
You miss the adder.
The adder is heavily wounded.
The adder bites you.
* * * LOW HITPOINT WARNING * * *
The adder bites you.
* * * LOW HITPOINT WARNING * * *
You closely miss the adder.
The adder is heavily wounded.
The adder bites you.
* * * LOW HITPOINT WARNING * * *
The adder misses you. The adder closely misses you.
The adder closely misses you. The adder barely misses you.
There is an open door here.
Unknown command.
Unknown command.
The adder closely misses you. The adder bites you.
* * * LOW HITPOINT WARNING * * *
The adder bites you.
You die...
Your body crumbles into a pile of gold.

#.........∩...###
#.............#
#.............#
#...............
#.............#.#
#.................
#.................
#.............###.
#@...........
#S...........
#S....+#########
#.._...#.......#
#......#.......#
#......#.......+
#####..#.......#
###'#........
#.....$......


You could see 2 adders.

Vanquished Creatures
  An adder (D:2)
  A dart slug (D:1)
  4 ball pythons (D:1)
  2 endoplasms (D:1)
  A giant cockroach (D:1)
  2 goblins
  4 hobgoblins
  2 jackals (D:1)
  6 kobolds (D:1)
  A quokka (D:2)
  4 bats
  2 frilled lizards (D:2)
30 creatures vanquished.

Notes
Turn   | Place    | Note
-------+----------+-------------------------------------------
     0 | D:1      | innerfire433 the Djinni Monk began the quest for the Orb.
     0 | D:1      | Reached XP level 1. HP: 20/20 MP: 0/0
   151 | D:1      | Reached XP level 2. HP: 23/25 MP: 0/0
   804 | D:1      | Reached XP level 3. HP: 30/30 MP: 0/0
   804 | D:1      | Learned a level 1 spell: Sting
   983 | D:1      | Found a faded altar of an unknown god.
  1086 | D:1      | Prayed at the altar of an unknown god.
  1086 | D:1      | Became a worshipper of Gozag Ym Sagoz the Greedy
  1653 | D:2      | Found Foisomm's Antique Armour Boutique.
  1721 | D:2      | Found a hide-covered altar of Uskayaw.
  1746 | D:2      | HP: 1/30 [adder (4)]
  1754 | D:2      | HP: 1/30 [adder (1)]
  1755 | D:2      | Slain by an adder

Illustrated notes

Levels and vault maps discovered:
D:1:      ebering_hopf_link, layout_basic, shapermc_ecumenical_altar_hornbeckon
D:2:      layout_basic, basic_altar, serial_shops, shop, hex_large,
          minmay_tree_intersection, minmay_quantized

Skill      XL: |  1  2  3 |
---------------+----------+-----
Stealth        | 2 |  2.1
Fighting       | |  3.4
Polearms       | |  2.8
Dodging        | |  3.8

Action                   || total
-------------------------++-------
Melee: Spear             ||   113
       Punch             ||     1
 Cast: Sting             ||     1
 Stab: Sleeping          ||     4
Armor: Robe              ||    13
Dodge: Dodged            ||    62

Table legend: (Time is in decaauts)
 A = Elapsed time spent in this place.
 B = Non-inter-level travel time spent in this place.
 C = Inter-level travel time spent in this place.
 D = Time resting spent in this place.
 E = Time spent auto-exploring this place.
 F = Levels seen in this place.
 G = Mean time per level.
                   A        B        C        D        E       F      G
               +--------+--------+--------+--------+--------+-----+--------+
         Total |   1749 |   1688 |     61 |      0 |   1448 |   2 |  874.5 |
       Dungeon |   1749 |   1688 |     61 |      0 |   1448 |   2 |  874.5 |
               +--------+--------+--------+--------+--------+-----+--------+

Top non-repeatable levels by time:
     D:1: 1518 daAuts
     D:2: 230 daAuts
